Map: Dusk Towers

Players

Ailee (Azure) - Winner!

  • Race: Terran Terran
  • League: Master

Laringe

  • Race: Zerg Zerg
  • League: Platinum

VOD

Have the link to the VOD?

Description

Time

  • Played on: Nov. 15, 2015, 7:08 p.m.
  • Length: 7:32
Show
View Real Time Build Order
Export as new Build Order

Ailee Terran - Winner!

Build Orders: Reaper Expand, MMM Bio 

Get SALT Encoding   

  12  0:01  SCV  
  13  0:13  SCV  
  14  0:17  Supply Depot  
  14  0:25  SCV  
  15  0:39  SCV  
  15  0:42  Barracks  
  16  0:47  Refinery  
  16  0:51  SCV  
  17  1:05  SCV  
  18  1:17  SCV  
  19  1:31  Orbital Command  
  19  1:32  Reaper  
  20  1:39  Command Center  
  20  1:58  Supply Depot, SCV  
  21  2:04  Reaper  
  22  2:11  SCV  
  23  2:23  SCV  
  23  2:25  Factory  
  24  2:33  Barracks  
  24  2:34  Barracks  
  24  2:35  SCV  
  25  2:47  SCV  
  26  2:53  Orbital Command  
  26  2:54  Barracks Reactor  
  25  2:59  SCV  
  25  3:01  Refinery  
  26  3:11  SCV  
  27  3:19  SCV  
  28  3:23  Barracks Reactor x2, SCV  
  29  3:31  SCV  
  31  3:35  SCV  
  31  3:43  SCV  
  31  3:44  Barracks Tech Lab  
  31  3:47  SCV  
  33  3:54  Hellion x2  
  36  3:55  SCV  
  36  3:59  Supply Depot, SCV  
  36  4:00  Marine  
  36  4:01  Engineering Bay, Marine x3  
  42  4:03  Stimpack, Marine  
  42  4:08  SCV  
  44  4:10  Starport  
  44  4:12  SCV  
  45  4:18  Marine  
  45  4:21  SCV, Marine x3  
  45  4:22  Hellion  
  45  4:23  Hellion  
  54  4:38  Supply Depot  
  54  4:39  Supply Depot  
  54  4:50  Terran Infantry Weapons Level 1  
  54  4:51  Refinery  
  54  5:00  SCV x2, Medivac, Marine x5  
  54  5:01  Medivac  
  65  5:12  SCV x2  
  67  5:16  Widow Mine  
  67  5:18  Marine  
  70  5:24  Supply Depot x2  
  70  5:31  Marine x4  
  70  5:32  SCV x2  
  76  5:35  Marine  
  76  5:42  Supply Depot, Refinery  
  77  5:44  SCV  
  77  5:46  SCV, Factory Reactor, Medivac  
  77  5:49  Barracks, Marine x3  
  84  5:51  Barracks  
  84  5:53  Medivac  
  84  5:55  Marine x2  
  84  5:56  SCV  
  89  6:00  SCV  
  90  6:04  Combat Shields  
  90  6:07  Marine x2  
  90  6:08  SCV  
  93  6:16  Marine x3  
  93  6:17  Armory, Supply Depot  
  96  6:18  Supply Depot  
  96  6:23  SCV  
  97  6:27  SCV  
  98  6:35  SCV  
  96  6:45  Widow Mine x2, Marine x2  
  96  6:46  Marine x2  
  96  6:47  Barracks Reactor x2  
  96  6:52  SCV x2  
  98  7:00  Supply Depot  
  98  7:02  Supply Depot  
  98  7:03  Command Center  
  90  7:09  Marine x3  
  90  7:10  Marine  
  90  7:11  Marine  
  99  7:19  Engineering Bay  
Show
View Real Time Build Order
Export as new Build Order

Laringe Zerg 

Build Orders: Hatch First 

Get SALT Encoding   

  12  0:01  Drone  
  13  0:12  Overlord  
  13  0:17  Drone  
  14  0:31  Drone x2  
  14  0:35  Drone  
  17  0:46  Drone  
  18  0:58  Hatchery  
  18  1:00  Drone  
  18  1:14  Spawning Pool  
  18  1:16  Drone  
  18  1:20  Drone  
  18  1:23  Extractor  
  18  1:28  Drone  
  19  1:39  Drone  
  20  1:50  Drone  
  21  2:01  Zergling x2  
  22  2:09  Queen  
  22  2:10  Overlord  
  22  2:12  Drone  
  22  2:13  Queen  
  27  2:28  Metabolic Boost  
  27  2:30  Zergling x2  
  27  2:32  Drone x2  
  30  2:40  Drone  
  30  2:50  Drone x2  
  31  2:53  Queen  
  31  2:54  Queen  
  35  2:58  Overlord  
  35  3:01  Drone  
  36  3:15  Zergling x2, Extractor  
  37  3:28  Hatchery  
  37  3:31  Drone x2  
  38  3:34  Drone x2  
  38  3:35  Drone, Extractor  
  38  3:37  Drone x2  
  42  3:43  Drone  
  42  3:51  Drone  
  43  3:58  Drone, Extractor  
  43  4:00  Drone  
  44  4:05  Overlord  
  44  4:08  Overlord  
  44  4:17  Overlord  
  44  4:29  Drone x4  
  44  4:30  Drone  
  48  4:34  Zergling x8  
  52  4:41  Overlord x2  
  52  4:44  Drone x2, Queen  
  56  4:48  Lair  
  56  4:51  Drone x2  
  56  4:52  Drone  
  59  5:10  Zergling x2  
  59  5:11  Zergling x10  
  64  5:17  Drone x5  
  69  5:26  Drone x2  
  71  5:29  Overlord  
  71  5:32  Evolution Chamber  
  71  5:35  Evolution Chamber  
  69  5:42  Drone x3  
  72  5:44  Drone  
  72  5:45  Baneling Nest  
  72  5:47  Drone, Extractor  
  72  5:48  Drone  
  72  5:49  Drone x2  
  75  5:50  Drone x2  
  75  5:52  Drone  
  78  5:58  Zergling x8  
  78  6:02  Spine Crawler  
  78  6:04  Spine Crawler  
  77  6:05  Spine Crawler  
  76  6:13  Zergling x10  
  74  6:24  Zergling x2  
  74  6:26  Overlord x3  
  74  6:30  Baneling  
  55  6:46  Zergling x16  
  56  6:48  Queen x2  
  56  6:51  Overlord x2  
  62  6:59  Spire  
  55  7:25  Hatchery  
Tags
 
Add a new tag
Caveats
  • Supply blocks, unpowered buildings, or Contaminate may cause inaccurate times.
  • Supply counts are checked every 10 seconds.